Map: Ascension to Aiur LE

Players

Galeforce

  • Race: Terran Terran
  • League: Diamond
  • Spawn Location: 11:00

takeiteasy - Winner!

  • Race: Terran Terran
  • League: Platinum
  • Spawn Location: 5:00

VOD

Have the link to the VOD?

Description

Time

  • Played on: Sept. 16, 2017, 1:21 a.m.
  • Length: 16:38
Show
View Real Time Build Order
Export as new Build Order

Galeforce Terran 

Build Orders: Bio Tank 

Get SALT Encoding   

  12  0:01  SCV  
  13  0:18  Supply Depot, SCV  
  14  0:30  SCV  
  15  0:41  Barracks  
  15  0:45  Refinery, SCV  
  16  1:03  SCV  
  17  1:15  SCV  
  18  1:32  Orbital Command  
  18  1:39  Command Center  
  18  1:41  Barracks Reactor  
  18  1:54  Barracks  
  18  2:16  Factory  
  18  2:25  SCV  
  18  2:26  Marine x2  
  21  2:32  Refinery  
  21  2:37  SCV  
  21  2:41  Supply Depot  
  21  3:00  Marine  
  21  3:01  Marine  
  21  3:02  Factory Tech Lab  
  21  3:03  Barracks Reactor  
  23  3:09  SCV  
  24  3:14  Supply Depot  
  24  3:20  Starport  
  24  3:21  SCV x2  
  24  3:22  Marine  
  27  3:36  Marine, SCV x2  
  27  3:40  Marine  
  31  3:50  Marine, Stimpack  
  31  3:54  Marine  
  31  3:55  SCV  
  35  3:58  Marine  
  35  4:07  Marine  
  36  4:10  SCV  
  36  4:11  SCV  
  36  4:12  Marine  
  36  4:13  Medivac  
  41  4:29  Marine x2, Medivac  
  41  4:30  Marine  
  47  4:31  SCV  
  47  4:36  Orbital Command  
  47  4:39  Refinery, Factory Tech Lab  
  47  4:47  Marine  
  48  4:53  Marine x2  
  48  4:58  SCV  
  54  5:00  Siege Tank  
  54  5:02  Supply Depot  
  54  5:05  Supply Depot  
  54  5:09  Refinery  
  54  5:12  Liberator  
  54  5:24  SCV x2  
  56  5:33  Marine x3  
  62  5:36  SCV x2  
  64  5:48  SCV x2  
  66  5:50  Combat Shields  
  66  5:56  Siege Tank  
  69  6:00  SCV  
  69  6:02  Supply Depot  
  70  6:08  Supply Depot  
  70  6:22  Supply Depot  
  70  6:23  Marine x3, Supply Depot x2  
  70  6:24  SCV x2  
  75  6:28  Siege Tank  
  78  6:36  SCV  
  69  6:55  Marine x3  
  72  7:13  Marine x3  
  75  7:30  Marine, Siege Tank  
  75  7:31  Viking x2, Marine x2  
  69  7:49  Marine x3  
  67  7:58  Barracks x3, SCV x2  
  69  8:01  Factory  
  69  8:06  Siege Tank  
  69  8:07  Marine x3, Medivac x2  
  69  8:09  Command Center  
  69  8:10  SCV  
  80  8:25  Marine x3  
  82  8:42  Marine  
  65  8:56  Factory Tech Lab  
  65  8:57  Siege Tank  
  65  9:00  Viking x2  
  72  9:10  Barracks Reactor x3  
  72  9:11  SCV  
  72  9:12  SCV  
  74  9:22  Marine x3  
  74  9:23  SCV  
  74  9:24  SCV  
  79  9:25  Orbital Command  
  79  9:30  Siege Tank x2  
  85  9:34  Viking x2  
  85  9:36  SCV x2  
  91  9:39  Marine  
  91  9:40  Marine x2  
  94  9:48  SCV x2  
  94  9:49  Marine  
  94  9:50  Marine x5  
  102  9:57  Marine  
  102  9:58  Marine x2  
  105  10:00  SCV x2  
  107  10:07  Marine x3  
  107  10:08  Marine x3  
  107  10:10  Command Center  
  107  10:13  Liberator  
  113  10:15  Refinery, Marine  
  113  10:16  Marine  
  113  10:19  Refinery  
  115  10:23  Liberator  
  115  10:29  Siege Tank x2  
  115  10:32  Marine  
  125  10:40  Marine x8  
  136  10:49  Marine  
  136  10:51  Engineering Bay  
  136  10:52  Engineering Bay  
  137  10:58  Marine x2  
  104  11:42  Marine x9  
  112  11:59  Marine  
  112  12:00  Marine x8  
  72  12:58  Marine x5  
Show
View Real Time Build Order
Export as new Build Order

takeiteasy Terran - Winner!

Build Orders: Reaper Expand, MMM Bio 

Get SALT Encoding   

  12  0:01  SCV  
  13  0:13  SCV  
  14  0:17  Supply Depot  
  14  0:25  SCV  
  15  0:39  SCV  
  15  0:41  Barracks  
  16  0:46  Refinery  
  16  0:51  SCV  
  17  1:03  SCV  
  18  1:15  SCV  
  19  1:33  Reaper  
  19  1:35  Command Center  
  20  1:49  SCV  
  20  1:54  Refinery  
  21  2:02  SCV  
  21  2:07  Supply Depot  
  22  2:09  Marine  
  23  2:17  Factory  
  23  2:27  Orbital Command  
  22  2:35  Marine  
  23  2:54  Barracks  
  23  2:57  Orbital Command  
  23  3:05  SCV  
  23  3:09  Marine  
  24  3:17  SCV  
  25  3:20  Factory Tech Lab  
  25  3:29  Starport, SCV  
  25  3:34  Marine  
  27  3:41  Barracks  
  27  3:46  Barracks Tech Lab, Supply Depot  
  27  3:49  SCV  
  27  3:50  SCV  
  29  3:58  Barracks Reactor  
  29  4:01  SCV  
  29  4:02  SCV  
  31  4:08  Medivac  
  33  4:13  SCV  
  33  4:14  SCV  
  33  4:16  Siege Tank  
  38  4:24  Supply Depot  
  38  4:25  SCV  
  38  4:26  SCV  
  38  4:28  Marine  
  42  4:33  Barracks Reactor  
  42  4:37  SCV  
  42  4:38  SCV  
  42  4:43  Starport Reactor  
  43  4:47  Marine x3  
  43  4:49  SCV  
  43  4:50  SCV  
  48  4:58  Engineering Bay  
  48  5:05  Marine, Siege Tank  
  48  5:06  Barracks  
  48  5:07  Marine x2  
  52  5:11  SCV  
  52  5:12  SCV  
  56  5:16  Refinery  
  56  5:18  Refinery  
  56  5:21  Marine x2  
  56  5:23  SCV  
  56  5:24  SCV  
  56  5:25  Marauder  
  56  5:26  Stimpack  
  62  5:33  Supply Depot  
  62  5:35  Supply Depot  
  62  5:54  Viking, SCV x2  
  66  5:57  Medivac  
  66  5:59  Command Center  
  66  6:01  Supply Depot  
  66  6:02  Supply Depot  
  68  6:06  SCV  
  67  6:16  Marine x3  
  67  6:17  Marine  
  71  6:25  Siege Tank  
  74  6:27  Marine x2  
  74  6:29  SCV  
  77  6:34  Marine x4  
  77  6:37  Missile Turret  
  81  6:41  SCV  
  81  6:47  Marine  
  81  6:52  Marine x4  
  83  6:57  Siege Tank  
  85  7:02  Marine  
  85  7:04  Marine  
  85  7:07  Medivac x2  
  91  7:10  Marine x3  
  66  7:52  SCV  
  67  7:59  Command Center  
  67  8:05  Marine x2, Orbital Command  
  67  8:06  Marine x3  
  67  8:08  Viking  
  67  8:09  Siege Tank  
  77  8:20  Barracks Reactor  
  77  8:22  Terran Infantry Weapons Level 1  
  77  8:23  Marine x3  
  77  8:24  Marine, Marauder  
  83  8:28  Engineering Bay  
  83  8:31  Supply Depot  
  83  8:32  SCV  
  81  8:44  SCV  
  81  8:46  Marauder  
  76  8:52  Viking x2  
  80  9:00  Refinery  
  80  9:04  SCV x2  
  82  9:10  Siege Tank  
  82  9:11  Marine  
  82  9:12  Marine x5  
  82  9:14  Orbital Command  
  82  9:16  SCV  
  92  9:24  Factory  
  92  9:27  Terran Infantry Armor Level 1  
  92  9:30  Armory  
  92  9:31  Marine x2  
  94  9:34  Supply Depot  
  94  9:37  Combat Shields  
  94  9:41  SCV x2  
  94  9:45  Refinery  
  96  9:53  Marine x3  
  96  9:54  Marine x2  
  96  9:55  SCV x2  
  103  10:03  Marine x2  
  105  10:11  Marine x4  
  105  10:12  Marine  
  110  10:21  Marine, Marauder  
  113  10:26  Siege Tank  
  113  10:27  Viking  
  118  10:29  Marine x5  
  123  10:38  Marine, Factory Tech Lab  
  124  10:42  Starport  
  124  10:43  SCV  
  124  10:46  Supply Depot  
  124  10:47  Supply Depot  
  125  11:08  Marine x2, Marauder, SCV, Siege Tank  
  131  11:20  SCV  
  131  11:23  Marine x4  
  111  11:25  Marine x2  
  111  11:30  Marauder  
  113  11:40  Marine, Siege Tank  
  113  11:41  Marine x2  
  113  11:43  Marine x2  
  118  11:51  Marauder  
  116  11:58  Marine  
  116  11:59  Marine  
  106  12:01  Marine x2  
  106  12:08  Command Center  
  102  12:21  Marine x2  
  69  13:38  Engineering Bay  
  69  13:41  Supply Depot  
  69  13:42  Supply Depot  
  69  13:45  Supply Depot  
  69  14:16  Planetary Fortress  
  69  14:19  Barracks  
  69  14:22  Barracks  
  69  14:25  Supply Depot  
  66  15:18  Supply Depot  
  66  15:21  Supply Depot  
  64  15:24  SCV  
  63  15:39  SCV  
  63  15:41  Marine x2  
  66  15:51  SCV  
  67  15:58  Factory  
  67  15:59  Marine x2  
  67  16:03  Supply Depot  
  67  16:04  SCV  
  70  16:16  SCV  
  70  16:17  Marine x2  
Tags
 
Add a new tag
Caveats
  • Supply blocks, unpowered buildings, or Contaminate may cause inaccurate times.
  • Supply counts are checked every 10 seconds.